 Dungeon Crawl Stone Soup version 0.15.2 (webtiles) character file.

187 ImaNewbie the Ruinous (level 5, -11/38 HPs)
             Began as a Draconian Conjurer on Mar 2, 2015.
             Was an Initiate of Vehumet.
             Mangled by an orc warrior
             ... wielding a +0 hand axe
              (16 damage)
             ... on Level 3 of the Dungeon.
             The game lasted 00:23:29 (3834 turns).

ImaNewbie the Ruinous (Draconian Conjurer)          Turns: 3834, Time: 00:23:29

HP -11/38        AC  5     Str 10      XL: 5   Next: 39%
MP   8/11        EV 12     Int 17      God: Vehumet [......]
Gold 68          SH  0     Dex 11      Spells:  2 memorised,  8 levels left

rFire  . . .     SeeInvis .     j - +0 mace (holy)
rCold  . . .     Clarity  .     (armour unavailable)
rNeg   . . .     rCorr    .     (no shield)
rPois  .         rRot     .     (helmet restricted)
rElec  .         Spirit   .     (no cloak)
SustAb .         Warding  .     (no gloves)
rMut   .         Stasis   .     (no boots)
Gourm  .                        (no amulet)
MR     .....                    (no ring)
                                (no ring)

@: not resistant to hostile enchantments, unstealthy
A: unfitting armour, antennae 1, breathe flames 1, spit poison 1, cold-blooded,
AC +5
a: Spit Poison, Renounce Religion, Breathe Fire


You were on level 3 of the Dungeon.
You worshipped Vehumet.
Vehumet was noncommittal.
You were not hungry.

You visited 2 branches of the dungeon, and saw 5 of its levels.

You collected 68 gold pieces.

Inventory:

Hand weapons
 j - a +0 mace of holy wrath (weapon)
Comestibles
 b - 3 bread rations
 i - a slice of pizza
 k - 2 meat rations
 m - 2 beef jerkies
 p - a rotting chunk of jackal flesh
Scrolls
 d - a scroll of identify
 f - 3 scrolls of remove curse
 l - a scroll of magic mapping {unknown}
Potions
 a - a potion of porridge
 e - a potion of curing {unknown}
 g - a potion of poison
 h - a potion of heal wounds
 n - a potion of cure mutation {unknown}
 q - 2 potions of might
Books
 c - a book of Conjurations

   Spells                             Type                      Level
   *Magic Dart                        Conjuration                  1
   *Searing Ray                       Conjuration                  2
   Dazzling Spray                     Conjuration/Hexes            3
   Fulminant Prism                    Conjuration/Hexes            4
   Iskenderun's Mystic Blast          Conjuration                  4
   Iskenderun's Battlesphere          Conjuration/Charms           5


   Skills:
 - Level 1.7 Dodging
 - Level 1.7 Stealth
 + Level 3.6 Spellcasting
 * Level 5.8 Conjurations


You had 8 spell levels left.
You knew the following spells:

 Your Spells              Type           Power        Failure   Level  Hunger
a - Magic Dart            Conj           ###.         1%          1    None
b - Searing Ray           Conj           ###...       2%          2    ##.....


Dungeon Overview and Level Annotations

Branches:
Dungeon (4/15)             Temple (1/1) D:4

Altars:
Qazlal
Vehumet


Innate Abilities, Weirdness & Mutations

Your plain brown scales are hard (AC +5).
Your body does not fit into most forms of armour.
Your cold-blooded metabolism reacts poorly to cold.
You have a pair of small antennae on your head.
You can breathe flames.
You can spit poison.


Message History

The orc warrior hits you with a hand axe.
You hear a shout! x2
An orc comes into view. It is wielding a glowing whip.
The orc suddenly jeers, in orcish tradition.
There is a stone staircase leading up here.
Read which item? (? for menu, Esc to quit)
Okay, then.
The orc warrior hits you with a hand axe!
* * * LOW HITPOINT WARNING * * *
You climb upwards.
There is a stone staircase leading down here.
Casting: Searing Ray
Confirm with . or Enter, or press ? or * to list all spells.
Aiming: Searing Ray
Press: ? - help, Shift-Dir - straight line, f - orc warrior
Aim: an orc warrior, wielding a hand axe and wearing a chain mail (heavily wounded)
The searing ray hits the orc warrior.
The orc warrior is heavily wounded.
The orc warrior hits you with a hand axe!
You die...

#.# #.#.# #.# #.#.#
#.# #.#.# #.# #.#.#
##.#####.###.#.#
.!.........#.#.#
####.#####.#.#.#.#
.........#.#.#.#.###
...............o@..#
.........#.#.#####.#
.................#.#
######.#.#.#.###.#.#
## #.#(#.#.# #.#.#
.# #.# #.#.# #.#.##
.# #.# #.#.###.#..##
.# #.#
#.#.#...#...### .##
#.# #.#.#.#.......#


You could see an orc warrior.

Vanquished Creatures
  An orc priest (D:3)
  2 gnolls (D:3)
  4 adders
  4 giant geckos
  4 oozes
  3 orcs (D:3)
  3 hobgoblins
  31 jackals
  8 kobolds
  2 ball pythons
  8 bats
  7 giant newts
  6 goblins
  4 rats
87 creatures vanquished.

Notes
Turn   | Place    | Note
--------------------------------------------------------------
     0 | D:1      | ImaNewbie, the Draconian Conjurer, began the quest for the Orb.
     0 | D:1      | Reached XP level 1. HP: 14/14 MP: 3/3
   553 | D:1      | Reached XP level 2. HP: 20/20 MP: 1/4
   558 | D:1      | Learned a level 2 spell: Searing Ray
  1194 | D:2      | Reached XP level 3. HP: 15/26 MP: 1/6
  1989 | D:3      | Found a radiant altar of Vehumet.
  1997 | D:3      | Became a worshipper of Vehumet
  2001 | D:3      | Reached skill level 5 in Conjurations
  2001 | D:3      | Reached XP level 4. HP: 27/33 MP: 5/9
  2908 | D:3      | Gained mutation: You can spit poison. [potion of mutation]
  2908 | D:3      | Gained mutation: You have a pair of small antennae on your head. [potion of mutation]
  2908 | D:3      | Gained mutation: You can breathe flames. [potion of mutation]
  2961 | D:3      | Reached XP level 5. HP: 12/38 MP: 6/11
  3521 | D:4      | Noticed an ogre
  3759 | D:4      | Found a stormy altar of Qazlal.
  3767 | D:4      | Found a staircase to the Ecumenical Temple.
  3776 | Temple   | Entered the Ecumenical Temple
  3798 | D:4      | Noticed an orc warrior
  3834 | D:3      | Mangled by an orc warrior

Action                   |  1- 3 |  4- 6 || total
-------------------------+-------+-------++-------
Melee: Mace              |    32 |    20 ||    52
       Unarmed           |     5 |       ||     5
 Cast: Magic Dart        |    77 |    62 ||   139
       Searing Ray       |     3 |     9 ||    12
 Abil: Spit Poison       |       |     1 ||     1
  Use: Scroll            |     1 |     6 ||     7
       Potion            |     2 |     1 ||     3
  Eat: Chunk             |     4 |     6 ||    10
